 Dungeon Crawl Stone Soup version 0.30-a0-879-ga8ba668304 (webtiles) character file.

Game seed: 6926998897088410998

1605 FlurksSlurper the Chopper (level 8, -7/60 HPs)
             Began as a Demonspawn Gladiator on Mar 13, 2023.
             Killed from afar by an electric eel (11 damage)
             ... with a bolt of electricity
             ... on level 6 of the Dungeon.
             The game lasted 00:17:59 (5286 turns).

FlurksSlurper the Chopper (Demonspawn Gladiator)    Turns: 5286, Time: 00:18:00

Health: -7/60      AC: 15    Str: 15    XL:     8   Next: 63%
Magic:  21/21      EV:  5    Int: 11    God:
Gold:   486        SH:  0    Dex: 17    Spells: 6/13 levels left

rFire   . . .      SeeInvis +    G - +8 hand axe of Seup {freeze, Will+}
rCold   . . .      Faith    .    (no shield)
rNeg    . . .      Spirit   .    j - +0 plate armour
rPois   .          Reflect  .    (helmet unavailable)
rElec   .          Rampage  .    l - +2 cloak {Will+}
rCorr   .                        (no gloves)
Will    ++...                    m - +0 pair of boots Stlth
                                 (no amulet)
HPRegen 0.30/turn                g - ring of magical power
MPRegen 0.17/turn                h - ring of wizardry

@: no status effects
A: antennae 3, thin skeletal structure 1, powered by death 1
a: no special abilities


You were on level 6 of the Dungeon.
You visited 1 branch of the dungeon, and saw 6 of its levels.
You also visited: Ossuary.

You collected 486 gold pieces.

Inventory:

Hand Weapons
 a - a +0 war axe
 k - a +2 dagger of venom
 G - the +8 hand axe of Seup (weapon) {freeze, Will+}
   (You found it on level 6 of the Dungeon)

   Will:      It increases your willpower.
Missiles
 d - 3 throwing nets (quivered)
 e - a javelin
 p - 16 poisoned darts
 E - a curare-tipped dart
Armour
 b - a +0 scale mail
 j - a +0 plate armour (worn)
 l - a +2 cloak of willpower (worn)
 m - a +0 pair of boots (worn)
Jewellery
 g - a ring of magical power (left hand)
 h - a ring of wizardry (right hand)
 t - a ring of resist corrosion
 v - a ring of see invisible
Wands
 C - a wand of paralysis (8)
Scrolls
 c - 2 scrolls of teleportation
 f - a scroll of fear {unknown}
 i - 3 scrolls of amnesia
 u - 7 scrolls of identify
 w - a scroll of immolation {unknown}
 y - a scroll of enchant weapon {unknown}
 B - a scroll of noise {unknown}
 D - a scroll of torment {unknown}
Potions
 n - 2 potions of brilliance {unknown}
 o - 4 potions of curing
 q - a potion of degeneration {unknown}
 r - 2 potions of attraction {unknown}
 s - 3 potions of heal wounds {unknown}
 x - a potion of invisibility {unknown}
 z - a potion of haste {unknown}
 A - a potion of mutation {unknown}
 F - a potion of magic {unknown}


   Skills:
 + Level 3.8 Fighting
 + Level 6.8 Axes
 + Level 3.1 Throwing
 + Level 3.5 Armour
 + Level 3.7 Dodging
 + Level 0.5 Stealth
 * Level 3.2 Spellcasting
 * Level 1.9 Summonings
 * Level 2.0 Earth Magic


You had 6 spell levels left.
You knew the following spells:

 Your Spells              Type           Power      Damage    Failure   Level
a - Swiftness             Air            1%         N/A       100%        3
b - Animate Armour        Summ/Erth      12%        N/A       100%        4

Your spell library contained the following spells:

 Spells                   Type           Power      Damage    Failure   Level
 Passwall                 Tmut/Erth      2%         N/A       99%         2
 Cigotuvi's Dreadful Rot  Necr/Pois/Air  2%         N/A       100%        2
 Ensorcelled Hibernation  Hex/Ice        2%         N/A       100%        2
 Poisonous Vapours        Pois/Air       2%         N/A       100%        2
 Mephitic Cloud           Conj/Pois/Air  1%         N/A       100%        3
 Stone Arrow              Conj/Erth      6%         3d7       100%        3
 Lehudib's Crystal Spear  Conj/Erth      1%         10d2      100%        8


Dungeon Overview and Level Annotations

Branches:
Dungeon (6/15)            Ossuary (visited)
 Temple: D:4-7

Altars:
Makhleb
Xom


Innate Abilities, Weirdness & Mutations

You have a pair of large antennae on your head. (SInv)
You have a somewhat thin skeletal structure. (Dex +2, Stealth+)
You regenerate a little health from kills.


Message History

The bolt of electricity hits you!
The electric eel shoots out a bolt of lightning at you!
The bolt of electricity hits you!
The electric eel shoots out a bolt of lightning at you!
The bolt of electricity hits you.
The electric eel shoots out a bolt of lightning at you!
The bolt of electricity hits you.
You closely miss the electric eel.
Unknown command.
You miss the electric eel.
The electric eel shoots out a bolt of lightning at you!
The bolt of electricity hits you!
You miss the electric eel.
The electric eel shoots out a bolt of lightning at you!
The bolt of electricity hits the electric eel.
The electric eel completely resists.
The bolt of electricity hits you!
* * * LOW HITPOINT WARNING * * *
You feel better.
The electric eel shoots out a bolt of lightning at you!
The bolt of electricity misses the electric eel.
The bolt of electricity hits you!
* * * LOW HITPOINT WARNING * * *
You slash the electric eel!
The electric eel seems to slow down.
You freeze the electric eel.
The electric eel is heavily wounded.
The electric eel shoots out a bolt of lightning at you!
The bolt of electricity hits the electric eel.
The electric eel completely resists.
The bolt of electricity hits you!
* * * LOW HITPOINT WARNING * * *
You slash the electric eel! You freeze the electric eel.
You kill the electric eel!
You hear a splash.
Your Earth Magic skill increases to level 2!
You slash the electric eel! You freeze the electric eel.
The electric eel is heavily wounded.
You hit the electric eel. You freeze the electric eel.
The electric eel is almost dead.
The electric eel shoots out a bolt of lightning at you!
The bolt of electricity hits you!
You die...

P♣ ~P♣ ~ ~~♣##
~~♣♣~~P.#####
PP~~P♣~.....#
~~P~~~....##### .
≈~≈♣~P♣~......†.#####....
≈~≈≈~~~♣......#..........
♣S@.....#[.####....
≈≈≈≈≈~†♣♣..##.#..# .
≈≈≈≈~~♣♣~.....#..# ..
≈≈≈≈≈~~♣~........# ...
≈≈≈≈≈S~~~.......######.#
≈≈≈≈~~P♣~.###..........##
≈≈≈≈≈~~♣~................
≈≈≈≈~≈ ♣~.....#†.........
≈~~~~♣.....##.####....


You could see an electric eel.

Vanquished Creatures
  Grinder (D:3)
  Sigmund (D:2)
  A black bear (D:6)
  2 kobold brigands (D:5)
  2 bullfrogs (D:6)
  2 scorpions
  A howler monkey (D:4)
  2 electric eels (D:6)
  2 jellies
  2 hounds (D:5)
  Jessica (D:2)
  A sleepcap (D:4)
  3 iguanas
  An orc wizard (D:3)
  8 mummies (Ossuary)
  7 gnolls
  10 adders
  A shadow imp (D:3)
  An ufetubus (D:6)
  A worm (D:2)
  3 dart slugs
  3 orcs
  4 bats
  7 endoplasms
  3 giant cockroaches
  10 hobgoblins
  4 quokkas
  5 ball pythons
  2 frilled lizards (D:1)
  4 goblins
  3 hobgoblin zombies (Ossuary)
  15 kobolds
  4 kobold zombies (Ossuary)
  An orc zombie (Ossuary)
  7 rats
125 creatures vanquished.

Vanquished Creatures (others)
  8 plants (D:6)
8 creatures vanquished.

Grand Total: 133 creatures vanquished

Notes
Turn   | Place    | Note
-------+----------+-------------------------------------------
     0 | D:1      | FlurksSlurper the Demonspawn Gladiator began the quest for
                  | the Orb.
     0 | D:1      | Reached XP level 1. HP: 16/16 MP: 1/1
   267 | D:1      | Reached skill level 3 in Axes
   267 | D:1      | Gained mutation: You regenerate a little health from kills.
                  | [demonic ancestry]
   267 | D:1      | Reached XP level 2. HP: 19/22 MP: 2/2
   969 | D:2      | Noticed Jessica
   976 | D:1      | Reached XP level 3. HP: 27/27 MP: 3/3
  1136 | D:2      | Noticed Sigmund
  1163 | D:2      | Killed Sigmund
  1164 | D:2      | Reached skill level 4 in Axes
  1164 | D:2      | Reached skill level 1 in Armour
  1164 | D:2      | Reached XP level 4. HP: 34/34 MP: 4/4
  1164 | D:2      | Gained mutation: You have a somewhat thin skeletal
                  | structure. (Dex +2, Stealth+) [demonic ancestry]
  1164 | D:2      | Reached XP level 5. HP: 39/39 MP: 5/5
  1235 | D:2      | Found a burning altar of Makhleb.
  1477 | D:2      | Found a faded altar of an unknown god.
  1780 | D:3      | Gained mutation: You have a pair of small antennae on your
                  | head. [demonic ancestry]
  1780 | D:3      | Reached XP level 6. HP: 19/46 MP: 6/6
  1925 | D:3      | Learned a level 3 spell: Swiftness
  2110 | D:3      | Noticed Grinder
  2251 | D:2      | Killed Jessica
  2332 | D:3      | Found a shimmering altar of Xom.
  2335 | D:3      | Noticed an angel
  2543 | D:3      | Reached skill level 1 in Spellcasting
  2732 | D:3      | Killed Grinder
  2733 | D:3      | Reached skill level 5 in Axes
  2733 | D:3      | Gained mutation: You have a pair of antennae on your head.
                  | [demonic ancestry]
  2733 | D:3      | Reached XP level 7. HP: 15/52 MP: 9/9
  3572 | D:5      | Entered Level 5 of the Dungeon
  3622 | D:5      | Found a sand-covered staircase.
  3626 | Ossuary  | Entered an ossuary
  3897 | D:5      | Learned a level 4 spell: Animate Armour
  4082 | D:5      | Gained mutation: You have a pair of large antennae on your
                  | head. (SInv) [demonic ancestry]
  4082 | D:5      | Reached XP level 8. HP: 34/58 MP: 11/11
  4284 | D:5      | Reached skill level 6 in Axes
  4415 | D:5      | Reached skill level 1 in Earth Magic
  4650 | D:5      | Reached skill level 1 in Summonings
  5022 | D:6      | Identified the +8 hand axe of Seup {freeze, Will+}
  5283 | D:6      | HP: 3/60 [electric eel/bolt of electricity (10)]
  5286 | D:6      | Killed from afar by an electric eel

Illustrated notes

Levels and vault maps discovered:
D:1:      dpeg_arrival_three_same_balls, layout_loops_ring, chequers_avenue
D:2:      layout_basic, ebering_ecumenical_altar_ruins, basic_altar,
          uniq_jessica, uniq_sigmund
D:3:      layout_basic, grunt_temple_overflow_order_and_chaos_1, uniq_grinder
D:4:      layout_gridville
D:5:      layout_basic, lightli_ossuary_entry_decrepit_ruins
D:6:      layout_basic, kennysheep_mini, serial_bayou_lake_a, uniq_eustachio

Skill      XL: |  1  2  3  4  5  6  7  8 |
---------------+-------------------------+-----
Throwing       | 2 3 |  3.1
Axes           | 3 4 5 6 |  6.8
Armour         | 1 2 3 |  3.5
Dodging        | 3 |  3.7
Spellcasting   | 1 2 3 |  3.2
Fighting       | 3 |  3.8
Earth Magic    | 2 |  2.0
Summonings     | 1 |  1.9
Stealth        | |  0.5

Action                     |  1- 3 |  4- 6 |  7- 9 || total
---------------------------+-------+-------+-------++-------
  Melee: War axe           |    58 |   149 |   211 ||   418
         Punch             |     1 |     4 |     6 ||    11
         Hand axe          |       |       |     7 ||     7
  Throw: Dart              |     4 |    13 |     9 ||    26
         Javelin           |       |     2 |       ||     2
         Throwing net      |       |     2 |       ||     2
    Use: Potion            |       |     3 |     1 ||     4
         Scroll            |       |     2 |     1 ||     3
   Stab: Sleeping          |       |     2 |       ||     2
         Held in net/web   |       |     1 |       ||     1
 Armour: Leather armour    |    31 |    26 |       ||    57
         Plate armour      |       |    54 |   150 ||   204
         Ring mail         |       |     7 |       ||     7
         Scale mail        |       |     3 |       ||     3
  Dodge: Dodged            |    46 |    92 |    56 ||   194

Table legend: (Time is in decaauts)
 A = Elapsed time spent in this place.
 B = Non-inter-level travel time spent in this place.
 C = Inter-level travel time spent in this place.
 D = Time resting spent in this place.
 E = Time spent auto-exploring this place.
 F = Levels seen in this place.
 G = Mean time per level.
                   A        B        C        D        E       F      G
               +--------+--------+--------+--------+--------+-----+--------+
         Total |   5389 |   5036 |    353 |    406 |   3083 |   7 |  769.9 |
       Dungeon |   5137 |   4784 |    353 |    406 |   2935 |   6 |  856.2 |
       Ossuary |    251 |    251 |      0 |      0 |    148 |   1 |  251.0 |
               +--------+--------+--------+--------+--------+-----+--------+

Top non-repeatable levels by time:
     D:5: 1051 daAuts
     D:1: 1028 daAuts
     D:2: 986 daAuts
     D:3: 972 daAuts
     D:4: 775 daAuts
     D:6: 324 daAuts
 Ossuary: 251 daAuts
